 Dungeon Crawl Stone Soup version 0.26.1-11-gd32895ea62 (webtiles) character file.

Game seed: 8921967739668688786

445 Zeld the Cleaver (level 6, -7/51 HPs)
             Began as a Minotaur Berserker on May 23, 2021.
             Was a Believer of Trog.
             Mangled by an orc
             ... wielding a +0 flail
              (8 damage)
             ... on level 4 of the Dungeon.
             The game lasted 00:02:24 (3543 turns).

Zeld the Cleaver (Minotaur Berserker)               Turns: 3543, Time: 00:02:24

Health: -7/51      AC:  0    Str: 24    XL:     6   Next: 72%
Magic:  5/5        EV: 12    Int:  4    God:    Trog [**....]
Gold:   115        SH:  0    Dex:  9    Spells: 5/5 levels left

rFire    . . .     SeeInvis .   a - +0 hand axe
rCold    . . .     Faith    .   (no shield)
rNeg     . . .     Spirit   .   (no armour)
rPois    .         Reflect  .   (helmet restricted)
rElec    .         Harm     .   (no cloak)
rCorr    .         Rampage  .   (no gloves)
Will     .....                  (no boots)
Stlth    +.........             (no amulet)
HPRegen  0.17/turn              (no ring)
MPRegen  0.09/turn              (no ring)

@: no status effects
A: retaliatory headbutt, horns 2
a: Renounce Religion, Berserk, Trog's Hand


You were on level 4 of the Dungeon.
You worshipped Trog.
Trog was pleased with you.
You visited 1 branch of the dungeon, and saw 4 of its levels.

You collected 115 gold pieces.

Inventory:

Hand Weapons
 a - a +0 hand axe (weapon)
Jewellery
 g - an uncursed ring of willpower {unknown}
Wands
 n - a wand of iceblast (7)
Scrolls
 b - 2 scrolls of enchant weapon {unknown}
 d - 4 scrolls of teleportation {unknown}
 e - 4 scrolls of identify {unknown}
 f - a scroll of magic mapping {unknown}
 h - a scroll of fog {unknown}
 i - 2 scrolls of random uselessness {unknown}
 j - 2 scrolls of amnesia {unknown}
Potions
 c - 2 potions of brilliance {unknown}
 k - 2 potions of curing {unknown}
 l - a potion of invisibility {unknown}
 m - a potion of berserk rage {unknown}
 o - 2 potions of flight {unknown}


   Skills:
 - Level 3.6 Fighting
 * Level 9.2 Axes
 - Level 2.4 Armour
 - Level 2.1 Dodging


You had 5 spell levels left.
You didn't know any spells.
Your spell library was empty.

Dungeon Overview and Level Annotations

Branches:
Dungeon (4/15)
 Temple: D:4-7

Altars:
Fedhas
Okawaru
Qazlal
Wu Jian


Innate Abilities, Weirdness & Mutations

You reflexively headbutt those who attack you in melee.
You have a pair of horns on your head.


Message History

The orc priest is almost dead.
You barely miss the orc. You hit the orc.
You kill the orc!
Trog accepts your kill. The orc hits you with a +0 dagger.
The orc priest calls down the wrath of Beogh upon you.
Pain shoots through your body!
* * * LOW HITPOINT WARNING * * *
You hit the orc priest.
The orc priest is almost dead.
You closely miss the orc. The orc hits you with a +0 dagger.
* * * LOW HITPOINT WARNING * * *
The orc priest barely misses you. You furiously retaliate!
You headbutt the orc priest.
You kill the orc priest!
Trog accepts your kill. The orc hits you with a +0 dagger.
* * * LOW HITPOINT WARNING * * *
The orc hits you with a +0 flail!
You die...

####### #.######
.......##########.#.....
.....(.........[#.#.##.#
.............[.)........
.............)[[###....#
.............(..##.....#
................##.##..#
........o.......##+#<#+#
#######@o............(..
#.................
..S...[............
#...########........
#...# #........ #..o#
#........ .....
#........ ......
.......... ...........


You could see an orc wizard, 2 orcs and a ball python.

Vanquished Creatures
  A howler monkey (D:4)
  3 orc priests
  A hound (D:4)
  Ijyb (D:3)
  4 orc wizards (D:4)
  2 worker ants (D:4)
  An adder (D:4)
  4 oozes
  2 worms
  4 dart slugs
  2 leopard geckos
  11 orcs
  4 giant cockroaches (D:2)
  4 hobgoblins
  2 jackals (D:3)
  2 kobolds
  2 quokkas
  7 bats
  4 frilled lizards
  6 goblins
  A leopard gecko skeleton (D:4)
  7 rats
75 creatures vanquished.

Vanquished Creatures (others)
  A fungus (D:3)
1 creature vanquished.

Grand Total: 76 creatures vanquished

Notes
Turn   | Place    | Note
-------+----------+-------------------------------------------
     0 | D:1      | Zeld the Minotaur Berserker began the quest for the Orb.
     0 | D:1      | Reached XP level 1. HP: 19/19 MP: 0/0
   152 | D:1      | Reached skill level 4 in Axes
   461 | D:1      | Reached XP level 2. HP: 25/26 MP: 1/1
   944 | D:2      | Reached skill level 5 in Axes
   950 | D:2      | Reached XP level 3. HP: 15/31 MP: 2/2
  1137 | D:2      | Found an iron altar of Okawaru.
  1239 | D:2      | Found an ornate altar of the Wu Jian Council.
  1271 | D:2      | Reached ** piety under Trog
  1640 | D:3      | Found a blossoming altar of Fedhas.
  1884 | D:3      | Reached skill level 6 in Axes
  1884 | D:3      | Reached XP level 4. HP: 39/39 MP: 3/3
  2149 | D:3      | Noticed Ijyb
  2158 | D:3      | Killed Ijyb
  2599 | D:3      | Found a stormy altar of Qazlal.
  2741 | D:4      | Reached XP level 5. HP: 35/45 MP: 4/4
  2755 | D:4      | Reached skill level 7 in Axes
  3144 | D:4      | Reached skill level 8 in Axes
  3144 | D:4      | Reached XP level 6. HP: 51/51 MP: 5/5
  3521 | D:4      | Reached skill level 9 in Axes
  3543 | D:4      | HP: 1/51 [orc/+0 dagger (2)]
  3543 | D:4      | Mangled by an orc

Illustrated notes

Levels and vault maps discovered:
D:1:      dpeg_arrival_pits, layout_basic, hex_large, serial_bayou_pond_c
D:2:      layout_rooms, lemuel_crystal_altar, lemuel_crystal_altar
D:3:      layout_loops_ring, grunt_temple_overflow_forces_of_nature, uniq_ijyb
D:4:      layout_basic, serial_shops, kennysheep_mini,
          cheibrodos_sewer_entry_drain, uniq_robin

Skill      XL: |  1  2  3  4  5  6 |
---------------+-------------------+-----
Axes           | 4 5 6 8 9 |  9.2
Fighting       | |  3.6
Armour         | |  2.4
Dodging        | |  2.1

Action                   |  1- 3 |  4- 6 || total
-------------------------+-------+-------++-------
Melee: Hand axe          |    86 |    84 ||   170
       Headbutt          |    16 |    16 ||    32
Invok: Berserk           |       |     1 ||     1
       Trog's Hand       |       |     1 ||     1
 Stab: Sleeping          |     1 |       ||     1
Dodge: Dodged            |    46 |    49 ||    95
